 Dungeon Crawl Stone Soup version 0.25.0-1-g7eea58d2a3 (webtiles) character file.

Game seed: 13498846728680613132

95 mortelune the Covered (level 4, -1/29 HPs)
             Began as a Gargoyle Fighter on June 14, 2020.
             Killed by nerve-wracking pain
             ... invoked by a shadow imp
             ... summoned by Natasha
              (3 damage)
             ... on level 2 of the Dungeon.
             The game lasted 00:01:33 (1528 turns).

mortelune the Covered (Gargoyle Fighter)            Turns: 1528, Time: 00:01:34

Health: -1/29      AC: 10    Str: 21    XL:     4   Next: 66%
Magic:  4/4        EV:  7    Int:  8    God:
Gold:   55         SH:  9    Dex:  9    Spells: 3/3 levels left

rFire    . . .     SeeInvis .   a - +0 war axe
rCold    . . .     Gourm    .   c - +0 kite shield
rNeg     + . .     Faith    .   b - +0 scale mail
rPois    ∞         Spirit   .   (no helmet)
rElec    +         Reflect  .   (no cloak)
rCorr    .         Harm     .   (no gloves)
MR       .....                  (no boots)
Stlth    ..........             (no amulet)
HPRegen  0.09/turn              (no ring)
MPRegen  0.09/turn              (no ring)

@: no status effects
A: negative energy resistance 1, electricity resistance, unbreathing,
petrification resistance, rot immunity, AC +3
a: no special abilities


You were on level 2 of the Dungeon.
You were not hungry.

You visited 1 branch of the dungeon, and saw 2 of its levels.

You collected 55 gold pieces.

Inventory:

Hand Weapons
 a - a +0 war axe (weapon)
Armour
 b - a +0 scale mail (worn)
 c - a +0 kite shield (worn)
 m - a +3 leather armour of magic resistance
Scrolls
 g - 2 scrolls of identify {unknown}
 j - a scroll of fog {unknown}
 k - a scroll of enchant armour {unknown}
 n - a scroll of enchant weapon {unknown}
Potions
 d - 2 potions of might
 e - 2 potions of mutation {unknown}
 h - a potion of curing {unknown}
 i - a potion of haste {unknown}
Comestibles
 f - 3 rations
 l - 3 chunks of flesh


   Skills:
 + Level 4.0 Fighting
 * Level 3.2 Axes
 + Level 4.0 Armour
 - Level 3.2 Shields


You had 3 spell levels left.
You didn't know any spells.
Your spell library was empty.

Dungeon Overview and Level Annotations

Branches:
Dungeon (2/15)

Altars:

Annotations:
D:2 Natasha


Innate Abilities, Weirdness & Mutations

You are resistant to torment.
Your stone body is resilient. (AC +3)
You are immune to poison.
You resist negative energy. (rN+)
You are resistant to electric shocks. (rElec)
You can survive without breathing.
You are immune to petrification.
You are immune to rotting.


Message History

* * * LOW HITPOINT WARNING * * *
The shadow imp hits you but does no damage.
Your shield and scale mail prevent you from hitting Natasha.
Natasha is severely wounded.
You hit the shadow imp. You block the bat's attack.
Natasha mumbles some strange words.
You block the shadow imp's attack. Natasha claws you.
* * * LOW HITPOINT WARNING * * *
Some of the chunks of flesh in your inventory have rotted away.
The bat barely misses you. You block the bat's attack.
The shadow imp gestures at you.
You barely resist.
Natasha mumbles some strange words.
The bat hits you but does no damage. You block the bat's attack.
The crimson imp blinks!
You block the bat's attack. The shadow imp gestures at you.
Pain shoots through your body!
You die...

##.###.......# #.######
##.# ##.###### ##.##
...# #.# #<..# ####
##.###### #...##### (..#
#.......# #........ .#.#
#...###.###...#####
.#.###.#.###..5........#
........................
.#.###.#.###....@......#
.#.# #..>....##.....####
...# #...#####..b5......
#### #.### #h5S§...###
#.# #.......# #.#
##.†)..## #.# ..#...##
..!....... #.##........


You could see Natasha, 2 crimson imps, an adder, a shadow imp (summoned) and a
bat.

Vanquished Creatures
  4 gnolls
  An adder (D:2)
  A worm (D:2)
  4 dart slugs
  2 leopard geckos (D:1)
  2 giant cockroaches (D:1)
  4 goblins
  4 hobgoblins
  2 jackals (D:1)
  A bat (D:1)
  3 frilled lizards
  6 kobolds
  5 rats
39 creatures vanquished.

Notes
Turn   | Place    | Note
-------+----------+-------------------------------------------
     0 | D:1      | mortelune the Gargoyle Fighter began the quest for the Orb.
     0 | D:1      | Reached XP level 1. HP: 14/14 MP: 1/1
   205 | D:1      | Reached XP level 2. HP: 19/19 MP: 2/2
   524 | D:1      | Reached XP level 3. HP: 21/23 MP: 3/3
  1158 | D:2      | Reached XP level 4. HP: 29/29 MP: 4/4
  1510 | D:2      | Noticed Natasha
  1528 | D:2      | Killed from afar by a shadow imp

Illustrated notes

Levels and vault maps discovered:
D:1:      dpeg_arrival_erosion, layout_basic, kennysheep_another_room,
          minmay_misc_feat_diagonals
D:2:      layout_loops_cross, uniq_robin, uniq_natasha

Skill      XL: |  1  2  3  4 |
---------------+-------------+-----
Axes           | 2 3 |  3.2
Armour         | 4 |  4.0
Fighting       | 4 |  4.0
Shields        | |  3.2

Action                   |  1- 3 |  4- 6 || total
-------------------------+-------+-------++-------
Melee: War axe           |    71 |    48 ||   119
  Eat: Chunk             |     1 |     1 ||     2
Armor: Scale mail        |    35 |    30 ||    65
Dodge: Dodged            |    17 |    15 ||    32
Block: Kite shield       |    40 |    31 ||    71
